Map: Old Republic LE

Players

SpeCial

  • Race: Protoss Protoss
  • League: Grandmaster
  • Spawn Location: 1:00

A.I. 1 (Very Easy) - Winner!

  • Race: Terran Terran
  • Spawn Location: 7:00

VOD

Have the link to the VOD?

Description

Time

  • Played on: Jan. 2, 2026, 1:51 p.m.
  • Length: 6:56
Show
View Real Time Build Order
Export as new Build Order

SpeCial Protoss 

Build Orders: 1 Gate Expand, Phoenix Opening, Blink Stalkers 

Get SALT Encoding   

  12  0:00  Probe  
  13  0:12  Probe  
  14  0:18  Pylon  
  14  0:24  Probe  
  15  0:32  Probe  
  15  0:37  Gateway  
  15  0:40  Probe  
  16  0:46  Assimilator  
  17  0:51  Probe  
  18  1:03  Probe  
  19  1:15  Probe  
  20  1:24  Cybernetics Core  
  20  1:33  Nexus  
  20  1:37  Pylon  
  20  1:45  Probe  
  21  1:47  Assimilator  
  21  1:49  Stalker  
  21  1:57  Probe  
  24  2:04  Warp Gate  
  24  2:10  Probe  
  25  2:22  Probe  
  26  2:25  Sentry  
  26  2:28  Shield Battery  
  28  2:30  Probe  
  29  2:38  Probe  
  29  2:43  Probe  
  30  2:45  Twilight Council  
  30  2:49  Probe  
  30  2:50  Stalker  
  30  2:51  Probe  
  32  2:55  Phoenix  
  35  3:01  Probe x2  
  35  3:03  Blink  
  35  3:05  Gateway  
  37  3:13  Probe x2  
  39  3:25  Probe x2  
  41  3:33  Pylon  
  41  3:37  Probe x2  
  43  3:42  Robotics Facility  
  43  3:49  Probe x2  
  45  4:01  Probe, Nexus  
  45  4:02  Pylon  
  46  4:05  Stalker  
  46  4:06  Stalker  
  51  4:10  Probe  
  51  4:12  Assimilator  
  51  4:13  Probe  
  52  4:19  Pylon  
  52  4:22  Probe  
  52  4:23  Observer  
  53  4:25  Probe  
  53  4:27  Pylon  
  55  4:35  Probe, Stalker  
  55  4:36  Stalker  
  55  4:37  Probe  
  61  4:40  Observer  
  62  4:47  Gateway  
  62  4:48  Gateway  
  62  4:52  Probe x2  
  64  4:57  Gateway  
  64  5:03  Charge  
  64  5:04  Probe x2  
  66  5:09  Gateway  
  66  5:11  Forge  
  66  5:14  Gateway  
  66  5:15  Probe  
  66  5:17  Probe  
  66  5:18  Probe  
  69  5:30  Probe x3  
  69  5:32  Gateway  
  72  5:35  Stalker  
  72  5:36  Stalker  
  72  5:42  Probe x2  
  78  5:43  Pylon  
  78  5:52  Zealot x2  
  78  5:53  Zealot  
  84  5:59  Zealot  
  84  6:03  Probe  
  87  6:05  Probe, Nexus  
  87  6:06  Probe  
  87  6:07  Pylon  
  87  6:10  Zealot x2  
  93  6:16  Zealot x2  
  93  6:17  Zealot  
  99  6:20  Probe x2  
  99  6:25  Probe  
  102  6:26  Pylon, Zealot  
  102  6:28  Zealot  
  102  6:31  Forge  
  106  6:34  Gateway  
  106  6:37  Gateway  
  106  6:43  Probe x3  
  109  6:51  Zealot x4  
Show
View Real Time Build Order
Export as new Build Order

A.I. 1 (Very Easy) Terran - Winner!

Build Orders:  

Get SALT Encoding   

  12  0:00  SCV  
  13  0:13  SCV  
  14  0:18  Supply Depot  
  14  0:37  Refinery  
  14  0:40  Barracks  
  14  1:03  Supply Depot  
  14  1:12  Refinery  
  14  1:27  Marine  
  14  1:28  Orbital Command  
  15  1:54  SCV  
  16  1:58  Marine  
  17  2:06  SCV  
  18  2:18  SCV  
  19  2:30  Marine, SCV  
  21  2:42  SCV  
  22  2:54  SCV  
  23  5:45  Marine, SCV  
  23  5:47  Supply Depot  
  23  5:49  Factory  
  25  6:09  SCV  
  26  6:12  Supply Depot  
  26  6:19  Barracks Tech Lab  
  26  6:21  SCV  
  24  6:35  Starport  
  24  6:37  Marine  
  25  6:43  Command Center  
Tags
 
Add a new tag
Caveats
  • Supply blocks, unpowered buildings, or Contaminate may cause inaccurate times.
  • Supply counts are checked every 10 seconds.